 Dungeon Crawl Stone Soup version 0.30-a0-1016-gfb0d676c02 (webtiles) character file.

Game seed: 13771360405976651609

199205 Rendar the Brawler (level 17, -7/215 HPs)
             Began as a Troll Earth Elementalist on Apr 6, 2023.
             Was the Champion of Okawaru.
             Mangled by a tyrant leech (24 damage)
             ... called by a spriggan druid
             ... on level 3 of the Swamp.
             The game lasted 01:38:02 (29339 turns).

Rendar the Brawler (Troll Earth Elementalist)      Turns: 29339, Time: 01:38:02

Health: -7/215     AC: 33    Str: 24    XL:     17   Next: 83%
Magic:  13/23      EV: 11    Int: 23    God:    Okawaru [******]
Gold:   698        SH: 20    Dex: 10    Spells: 14/26 levels left

rFire   + + .      SeeInvis +      - Unarmed
rCold   + + .      Faith    .    L - +2 shield of Resistance {rF++ rC++ Will++}
rNeg    + . .      Spirit   .    Y - melded +0 troll leather armour
rPois   ∞          Reflect  +    d - +3 crown of Dyrovepreva {rElec Int+2 SInv}
rElec   +          Rampage  .    M - +2 cloak
rCorr   .                        (gloves unavailable)
Will    +++..                    (boots unavailable)
Stlth   +++                      J - amulet "Rudomm" {Reflect Str+2 SH+5}
HPRegen 1.35/turn                Q - ring of wizardry
MPRegen 0.18/turn                n - +6 ring of intelligence

@: statue-form, heroic, finesse-ful, very slow
A: slow and powerful, torment resistance 1, boosted hp, large, unfitting armour,
claws 3, regeneration 1, (shaggy fur 1), (tough skin 1)
}: 1/15 runes: serpentine
a: End Transformation, Renounce Religion, Heroism, Finesse, Duel


You were on level 3 of the Swamp.
You worshipped Okawaru.
Okawaru was exalted by your worship.
You were a living statue of rough stone.
You visited 6 branches of the dungeon, and saw 30 of its levels.
You also visited: Sewer and Bailey.

You collected 3662 gold pieces.
You spent 2964 gold pieces at shops.

Inventory:

Missiles
 h - 19 large rocks (quivered)
 l - 3 boomerangs of dispersal
 y - 5 throwing nets
 A - 7 javelins
 E - 24 boomerangs
 G - 16 silver boomerangs
 H - 2 silver javelins
Armour
 a - +1 gold dragon scales
 d - the +3 crown of Dyrovepreva (worn) {rElec Int+2 SInv}
   (You found it on level 1 of the Snake Pit)

   Int:       It affects your intelligence (+2).
   rElec:     It insulates you from electricity.
   SInv:      It lets you see invisible.
 j - the +1 cloak "Bima" {rN++ rCorr Int-3}
   (Okawaru gifted it to you on level 4 of the Lair of Beasts)

   Int:       It affects your intelligence (-3).
   rN:        It greatly protects you from negative energy.
   rCorr:     It protects you from acid and corrosion.
 L - the +2 shield of Resistance (worn) {rF++ rC++ Will++}
   (You found it on level 11 of the Dungeon)

   rF:        It greatly protects you from fire.
   rC:        It greatly protects you from cold.
   Will:      It greatly increases your willpower.
 M - a +2 cloak (worn)
 Y - a +0 troll leather armour (melded)
Jewellery
 n - a +6 ring of intelligence (right claw)
 z - a +4 ring of protection
 J - the amulet "Rudomm" (around neck) {Reflect Str+2 SH+5}
   (You found it on level 1 of the Snake Pit)

   [amulet of reflection]

   It reflects blocked missile attacks.
   Str:       It affects your strength (+2).
   SH:        It affects your SH (+5).
 Q - a ring of wizardry (left claw)
 R - a +4 ring of protection
 W - the ring of Itein {Wiz Contam *Corrode rElec Int+3 SInv}
   (You found it on level 5 of the Lair of Beasts)

   [ring of wizardry]

   It improves your spell success rate.
   Int:       It affects your intelligence (+3).
   rElec:     It insulates you from electricity.
   SInv:      It lets you see invisible.
   Contam:    It causes magical contamination when unequipped.
   *Corrode:  It may corrode you when you take damage.
Wands
 k - a wand of quicksilver (5)
 r - a wand of paralysis (10)
 v - a wand of polymorph (9)
 x - a wand of mindburst (6)
 K - a wand of digging (8)
 X - a wand of flame (21)
 Z - a wand of roots (5)
Scrolls
 e - 6 scrolls of poison
 f - 3 scrolls of fog
 m - 7 scrolls of magic mapping
 o - 4 scrolls of enchant weapon
 p - 3 scrolls of immolation
 q - 7 scrolls of teleportation
 t - 4 scrolls of fear
 w - a scroll of silence
 B - 4 scrolls of amnesia
 C - 6 scrolls of enchant armour
Potions
 b - 2 potions of magic
 c - 8 potions of resistance
 g - 3 potions of berserk rage
 i - 7 potions of curing
 s - 5 potions of brilliance
 D - 10 potions of might {unknown}
 F - 4 potions of haste
 I - 2 potions of ambrosia {unknown}
 N - 4 potions of mutation
 S - 3 potions of cancellation {unknown}
 T - a potion of invisibility {unknown}
 U - 3 potions of lignification {unknown}
 V - 4 potions of flight
Miscellaneous
 O - a phantom mirror


   Skills:
 - Level 10.3(15.3) Fighting
 - Level 5.1(10.1) Throwing
 - Level 10.0(15.0) Armour
 - Level 1.5(6.5) Dodging
 - Level 1.0(6.0) Stealth
 - Level 11.0(16.0) Shields
 - Level 15.5(20.5) Unarmed Combat
 - Level 5.0 Spellcasting
 + Level 10.0 Transmutations
 + Level 11.6 Earth Magic
 - Level 8.0 Invocations


You had 14 spell levels left.
You knew the following spells:

 Your Spells              Type           Power      Damage    Failure   Level
a - Sandblast             Erth           100%       2d20      1%          1
b - Stone Arrow           Conj/Erth      64%        3d11      1%          3
c - Passwall              Tmut/Erth      45%        N/A       1%          2
d - Statue Form           Tmut/Erth      36%        N/A       10%         6

Your spell library contained the following spells:

 Spells                   Type           Power      Damage    Failure   Level
 Sting                    Tmut/Pois      100%       1d8       1%          1
 Wereblood                Tmut           51%        N/A       1%          2
 Petrify                  Tmut/Erth      54%        N/A       1%          4
 Lee's Rapid Deconstruct  Erth           28%        3d15*     1%          5
 Blade Hands              Tmut           25%        N/A       2%          5
 Leda's Liquefaction      Hex/Erth       16%        N/A       4%          4
 Apportation              Tloc           10%        N/A       6%          1
 Foxfire                  Conj/Fire      20%        2x1d5     6%          1
 Shock                    Conj/Air       20%        1d4       6%          1
 Poisonous Vapours        Pois/Air       10%        N/A       9%          2
 Sublimation of Blood     Necr           5%         N/A       9%          2
 Borgnjor's Vile Clutch   Necr/Erth      16%        N/A       14%         5
 Dazzling Flash           Conj/Hex       10%        N/A       16%         3
 Gell's Gravitas          Tloc           5%         N/A       16%         3
 Swiftness                Air            5%         N/A       16%         3
 Teleport Other           Tloc           5%         N/A       16%         3
 Volatile Blastmotes      Fire/Tloc      10%        2d10      16%         3
 Alistair's Intoxication  Tmut/Pois      18%        N/A       19%         5
 Airstrike                Air            2%         2d(1-17)  45%         4
 Anguish                  Hex/Necr       2%         N/A       45%         4
 Iskenderun's Mystic Bla  Conj/Tloc      5%         2d3       45%         4
 Olgreb's Toxic Radiance  Pois           5%         N/A       45%         4
 Iron Shot                Conj/Erth      16%        9d4       56%         6
 Fireball                 Conj/Fire      2%         3d4       80%         5
 Silence                  Hex/Air        2%         N/A       80%         5
 Dispersal                Tloc           2%         N/A       100%        6
 Plasma Beam              Fire/Air       2%         2x1d14    100%        6
 Starburst                Conj/Fire      2%         6d3       100%        6
 Enfeeble                 Hex            2%         N/A       100%        7
 Ozocubu's Refrigeration  Ice            2%         4d8       100%        7
 Chain Lightning          Conj/Air       2%         3d3       100%        9
 Fire Storm               Conj/Fire      2%         8d1       100%        9
 Polar Vortex             Ice            2%         N/A       100%        9
 Shatter                  Erth           28%        3d23*     100%        9
 Animate Armour           Summ/Erth      Unusable   N/A       N/A         4
 Simulacrum               Ice/Necr       Unusable   N/A       N/A         6
 Summon Hydra             Summ           Unusable   N/A       N/A         7

Dungeon Overview and Level Annotations

Branches:
Dungeon (15/15)            Temple (1/1) D:7            Lair (5/5) D:9
  Swamp (3/4) Lair:2        Snake (4/4) Lair:3        Slime (0/5) Lair:4
    Orc (2/2) D:10            Elf (0/3) Orc:2        Vaults (0/5) D:14
  Sewer (visited)          Bailey (visited)
 Depths: D:15

Altars:
Ashenzari
Cheibriados
Dithmenos
Elyvilon
Fedhas
Gozag
Hepliaklqana
Kikubaaqudgha
Makhleb
Nemelex Xobeh
Okawaru
Qazlal
Ru
Trog
Uskayaw
Vehumet
Wu Jian
Xom
Yredelemnul
Zin
The Shining One
Jiyva

Shops:
Orc:2 ![!:[   Snake:2 ==:   Snake:3 ?   Snake:4 :

Annotations:
D:9 3 runed translucent doors, exclusion: ice statue, epsilonplus's ghost, novice TeFi
D:11 1 runed translucent door
Snake:1 Naariw's ghost, adept MeEE


Innate Abilities, Weirdness & Mutations

You are a living statue of rough stone.
Your actions are slow, but your melee attacks are powerful.
You are resistant to unholy torment.
Your maximum health is greatly increased.
You are immune to poison.
Your equipment is partially melded.
You are too large for most types of armour.
You have claws for hands.
Your natural rate of healing is unusually fast.
((You are covered in fur. (AC +1)))
((You have tough skin. (AC +1)))


Message History

* * * LOW HITPOINT WARNING * * *
Unknown command.
Unknown command.
You feel much better. You block the alligator's attack.
The alligator tail-slaps you but does no damage.
The tyrant leech bites you!!!
* * * LOW HITPOINT WARNING * * *
The alligator bites you but does no damage.
You block the alligator's attack.
Unknown command.
As you read the scroll of fear, it crumbles to dust.
You assume a fearsome visage.
The alligator looks frightened!
The four-headed hydra looks frightened!
The swamp drake looks frightened!
The tyrant leech resists with some effort.
The alligator easily resists.
The alligator seems less confused.
You block the alligator's attack.
The alligator tail-slaps you but does no damage.
The tyrant leech bites you but does no damage.
The alligator bites you but does no damage.
The alligator tail-slaps you but does no damage.
An alligator comes into view.
You feel much better.
The alligator bites you but does no damage.
The alligator tail-slaps you but does no damage.
The tyrant leech bites you!
* * * LOW HITPOINT WARNING * * *
The alligator closely misses you. You block the alligator's attack.
Unknown command.
You scratch the tyrant leech but do no damage.
The tyrant leech bites you!!
* * * LOW HITPOINT WARNING * * *
You block the alligator's attack.
The alligator tail-slaps you but does no damage.
Unknown command.
Unknown command.
Okay, then.
You feel much better. The alligator bites you!
* * * LOW HITPOINT WARNING * * *
You block the alligator's attack. The tyrant leech bites you!!
You die...

~k...♣♣♣..~~.♣
...~..♣.~~~.~♣
♣~~~.~.~..~~♣
♣.t~~§.♣~~§.♣
♣.~~.~.~~~.♣
~§.(.~.~~♣
♣tw~~♣~.♣
♣8~.~~~♣ ♣.†(..~♣
♣.~§~~.♣ ♣
♣♣.~~~~♣ ♣.
♣~~~~~♣ ♣~.
♣.~~~~♣ ♣♣♣..~
♣~~~~.♣♣ ♣♣~~.~~
♣.~.§t.♣♣♣♣.~~~~~
♣♣.~♣~~.♣....†♣~~


You could see 3 alligators, a tyrant leech (strong) and a swamp drake (strong,
fleeing).

Vanquished Creatures
  A tentacled monstrosity (Swamp:3)
  Frances (Swamp:1)
  8 nagarajas
  An eleionoma (Swamp:1)
  3 bunyips
  An ettin (Orc:2)
  3 fire dragons
  A shambling mangrove (Swamp:2)
  2 ice dragons (D:11)
  3 salamander tyrants
  9 hydras
  3 ogre magi (Orc:2)
  A ghost crab (Swamp:1)
  A catoblepas (Lair:5)
  3 centaur warriors (D:13)
  6 alligators
  11 anacondas
  3 two-headed ogres
  6 boulder beetles
  4 tengu warriors
  20 death yaks
  20 naga warriors
  8 shock serpents
  Urug (Lair:1)
  12 naga sharpshooters
  A vampire mage (Swamp:2)
  5 spriggans (Swamp:1)
  Sonja (Orc:2)
  Amaemon (D:8)
  A skyshark (Lair:4)
  2 goliath frogs
  6 salamander mystics
  3 spriggan druids
  7 naga ritualists
  2 swamp dragons
  2 lindwurms (Lair:5)
  A wizard (D:14)
  A harpy (shapeshifter) (D:13)
  16 mana vipers
  9 orc sorcerers
  4 deep elf pyromancers
  2 orc knights
  2 cyclopes
  A will-o-the-wisp (Swamp:1)
  15 salamanders
  11 ugly things
  4 manticores
  5 guardian serpents
  37 black mambas
  17 naga magi
  21 elephants
  3 gargoyles
  A torpor snail (Lair:5)
  11 cane toads
  An unseen horror (D:12)
  An orange demon (D:8)
  4 rime drakes
  A rime drake (shapeshifter) (D:14)
  A kobold demonologist (D:10)
  5 komodo dragons
  8 trolls
  10 tyrant leeches
  8 hornets
  A polar bear (Lair:1)
  3 dream sheep (Lair:5)
  31 blink frogs
  10 slime creatures
  Sigmund (D:3)
  A vampire (D:11)
  6 wyverns
  2 basilisks
  2 shadows
  2 wraiths
  38 yaks
  11 vampire mosquitoes
  3 acid dragons
  46 nagas
  10 swamp worms
  A warg (Orc:1)
  Duvessa (D:6)
  15 water moccasins
  12 orc warriors
  2 swamp drakes (Swamp:1)
  9 black bears
  A sky beast (D:6)
  9 ogres
  6 wolves (Lair:5)
  4 centaurs
  4 ice beasts
  17 kobold brigands
  15 bullfrogs
  2 gnoll sergeants (D:9)
  4 scorpions
  4 wights (D:9)
  Dowan (D:6)
  4 killer bees (D:8)
  9 howler monkeys
  A gnoll bouda (D:9)
  A jelly (D:7)
  4 hounds
  7 orc priests
  2 sleepcaps
  Terence (D:2)
  2 iguanas (D:6)
  23 orc wizards
  11 hell rats
  9 adders
  18 gnolls
  A river rat (Sewer)
  A white imp (D:7)
  8 worms
  2 dart slugs
  38 orcs
  13 endoplasms
  5 giant cockroaches
  9 goblins
  10 hobgoblins
  5 jackals (D:5)
  40 kobolds
  6 quokkas
  6 ball pythons
  2 bats
  4 frilled lizards
  13 rats
  A spectral hobgoblin (D:10)
  A butterfly (D:7)
894 creatures vanquished.

Vanquished Creatures (others)
  A naga warrior (Snake:1)
  2 bloated husks
  An orc wizard (D:6)
  An orc (Orc:2)
  17 foxfires (Swamp:1)
  37 fungi
  43 plants
102 creatures vanquished.

Grand Total: 996 creatures vanquished

Notes
Turn   | Place    | Note
-------+----------+-------------------------------------------
     0 | D:1      | Rendar the Troll Earth Elementalist began the quest for the
                  | Orb.
     0 | D:1      | Reached XP level 1. HP: 16/16 MP: 1/1
    93 | D:1      | Reached skill level 1 in Unarmed Combat
   139 | D:1      | Found a faded altar of an unknown god.
   232 | D:1      | Reached XP level 2. HP: 24/24 MP: 2/2
   453 | D:1      | Reached skill level 2 in Unarmed Combat
   615 | D:2      | Reached XP level 3. HP: 31/31 MP: 3/3
   734 | D:2      | Reached skill level 3 in Unarmed Combat
   887 | D:2      | Noticed Terence
   897 | D:2      | Killed Terence
   898 | D:2      | Reached XP level 4. HP: 8/39 MP: 2/4
  1041 | D:2      | Reached skill level 4 in Unarmed Combat
  1332 | D:3      | Found a broken altar of Ashenzari.
  1615 | D:3      | Noticed Sigmund
  1648 | D:3      | Killed Sigmund
  1649 | D:3      | Reached skill level 5 in Unarmed Combat
  1649 | D:3      | Reached XP level 5. HP: 19/45 MP: 5/5
  1781 | D:3      | Reached XP level 6. HP: 53/53 MP: 6/6
  1953 | D:3      | Reached skill level 6 in Unarmed Combat
  2047 | D:3      | Found a burning altar of Makhleb.
  2205 | D:3      | Learned a level 3 spell: Stone Arrow
  2208 | D:3      | Learned a level 2 spell: Passwall
  2451 | D:4      | Found a glowing drain.
  2486 | Sewer    | Entered a sewer
  2797 | Sewer    | Reached skill level 7 in Unarmed Combat
  3194 | D:4      | Reached skill level 1 in Fighting
  3194 | D:4      | Reached XP level 7. HP: 62/62 MP: 7/7
  3282 | D:4      | Found a sacrificial altar of Ru.
  3544 | D:5      | Entered Level 5 of the Dungeon
  4125 | D:6      | Noticed a troll
  4148 | D:6      | Killed a troll
  4149 | D:6      | Reached XP level 8. HP: 9/79 MP: 8/8
  4224 | D:6      | Found a shimmering altar of Xom.
  4239 | D:6      | Reached skill level 5 in Fighting
  4736 | D:6      | Noticed Dowan
  4740 | D:6      | Noticed Duvessa
  4749 | D:6      | Killed Duvessa
  4755 | D:6      | Killed Dowan
  4809 | D:6      | Reached XP level 9. HP: 82/93 MP: 9/9
  4827 | D:6      | Reached skill level 8 in Unarmed Combat
  5121 | D:7      | Found a glowing golden altar of the Shining One.
  5278 | D:7      | Reached skill level 9 in Unarmed Combat
  5366 | D:7      | Found a staircase to the Ecumenical Temple.
  5467 | Temple   | Entered the Ecumenical Temple
  5483 | Temple   | Became a worshipper of Warmaster Okawaru
  5663 | D:7      | Found a shadowy altar of Dithmenos.
  5960 | D:8      | Noticed a tengu warrior
  6031 | D:8      | Noticed an orange demon
  6056 | D:9      | Found a snail-covered altar of Cheibriados.
  6087 | D:9      | Reached skill level 10 in Unarmed Combat
  6232 | D:9      | Noticed a troll
  6265 | D:8      | Reached skill level 11 in Unarmed Combat
  6441 | D:8      | Noticed Amaemon
  6568 | D:8      | Reached * piety under Okawaru
  6569 | D:8      | Reached skill level 1 in Shields
  6581 | D:8      | Found the +2 hood of the Assassin {Detect Stab+ Stlth++}
  6715 | D:8      | Killed Amaemon
  6716 | D:8      | Reached XP level 10. HP: 40/102 MP: 10/10
  6719 | D:8      | Identified the +1 helmet of Resourcefulness {Str+4}
  6736 | D:9      | Noticed a two-headed ogre
  6813 | D:8      | Killed an orange demon
  6993 | D:8      | Killed a tengu warrior
  6993 | D:8      | Reached ** piety under Okawaru
  6994 | D:8      | Reached skill level 5 in Shields
  7277 | D:8      | Paralysed by a hornet for 2 turns
  7389 | D:9      | Reached *** piety under Okawaru
  7390 | D:9      | Found a staircase to the Lair.
  7428 | D:8      | Killed a two-headed ogre
  7519 | D:9      | Upgraded the game from 0.30-a0-1008-g30c9307041 to
                  | 0.30-a0-1016-gfb0d676c02
  7571 | D:9      | Found a stormy altar of Qazlal.
  7666 | D:9      | Noticed an ice statue
  7711 | D:9      | Found a runed translucent gate.
  7711 | D:9      | Found a runed translucent gate.
  7711 | D:9      | Noticed epsilonplus's ghost (novice TeFi)
  7712 | D:9      | Found a runed translucent gate.
  7712 | D:9      | Noticed a nine-headed hydra
  7847 | D:10     | Entered Level 10 of the Dungeon
  7908 | D:10     | Found a flagged portal.
  7926 | Bailey   | Entered a bailey
  7986 | Bailey   | Reached **** piety under Okawaru
  7987 | Bailey   | Reached skill level 12 in Unarmed Combat
  8155 | Bailey   | Reached XP level 11. HP: 62/109 MP: 11/11
  8200 | Bailey   | Found a bloodstained altar of Trog.
  8404 | D:10     | Reached skill level 1 in Invocations
  8507 | D:10     | Found a hazy altar of Hepliaklqana.
  8570 | D:10     | Found a staircase to the Orcish Mines.
  8993 | D:11     | Noticed a red ugly thing
  9003 | D:11     | Killed a red ugly thing
  9076 | D:11     | Found a runed translucent door.
  9076 | D:11     | Found a runed translucent door.
  9076 | D:11     | Noticed a fire dragon
  9076 | D:11     | Noticed a fire dragon
  9076 | D:11     | Noticed an ice dragon
  9077 | D:11     | Found the +2 shield of Resistance {rF++ rC++ Will++}
  9083 | D:11     | Noticed an ice dragon
  9787 | Lair:1   | Entered Level 1 of the Lair of Beasts
  9790 | Lair:1   | Found a snail-covered altar of Cheibriados.
  9854 | Lair:1   | Noticed Urug
  9883 | Lair:1   | Reached ***** piety under Okawaru
  9971 | Lair:1   | Reached skill level 5 in Invocations
 10190 | Lair:1   | HP: 1/109 [black mamba (15)]
 10379 | Lair:1   | Received a gift from Okawaru
 10581 | Lair:1   | Paralysed by Urug for 4 turns
 10599 | Lair:1   | Killed Urug
 11200 | Lair:2   | Reached skill level 1 in Throwing
 11298 | Lair:2   | Found a staircase to the Swamp.
 11322 | Lair:2   | Noticed a five-headed hydra
 11494 | Lair:2   | Received a gift from Okawaru
 11664 | Lair:2   | Reached XP level 12. HP: 84/118 MP: 17/17
 11834 | Lair:3   | Reached skill level 5 in Throwing
 11984 | Lair:3   | Found a staircase to the Snake Pit.
 12047 | Lair:3   | Noticed a six-headed hydra
 12165 | Lair:2   | Killed a five-headed hydra
 12425 | Lair:3   | Received a gift from Okawaru
 12492 | Lair:3   | Killed a six-headed hydra
 12684 | Lair:3   | Received a gift from Okawaru
 12899 | Lair:3   | Reached skill level 13 in Unarmed Combat
 13165 | Lair:4   | Reached skill level 14 in Unarmed Combat
 13310 | Lair:4   | Noticed a death yak
 13314 | Lair:4   | Noticed a death yak
 13363 | Lair:3   | Killed a death yak
 13363 | Lair:3   | Received a gift from Okawaru
 13443 | Lair:4   | Killed a death yak
 13444 | Lair:4   | Reached XP level 13. HP: 101/131 MP: 18/18
 13694 | Lair:4   | Found a viscous altar of Jiyva.
 13695 | Lair:4   | Found a staircase to the Slime Pits.
 13758 | Lair:4   | Identified the +1 cloak "Bima" {rN++ rCorr Int-3} (Okawaru
                  | gifted it to you on level 4 of the Lair of Beasts)
 13758 | Lair:4   | Received a gift from Okawaru
 13759 | Lair:4   | Reached skill level 15 in Unarmed Combat
 14074 | Lair:4   | You fall into a shaft and drop 1 floor!
 14074 | Lair:5   | Entered Level 5 of the Lair of Beasts
 14803 | D:11     | Killed a fire dragon
 15053 | D:11     | Killed a fire dragon
 15267 | D:12     | Reached skill level 10 in Shields
 15695 | D:12     | Identified the +3 leather armour "Raemewis" {Fly rPois rC++
                  | Slay-5}
 15973 | D:13     | Identified the +4 demon trident "Haor" {venom, rC++ rN+
                  | MP+9} (Okawaru gifted it to you on level 13 of the Dungeon)
 15973 | D:13     | Received a gift from Okawaru
 15974 | D:13     | Reached skill level 1 in Armour
 16029 | D:13     | Reached XP level 14. HP: 128/140 MP: 19/19
 16749 | Lair:4   | Identified the +0 robe "Toerus" {Fly} (Okawaru gifted it to
                  | you on level 4 of the Lair of Beasts)
 16749 | Lair:4   | Received a gift from Okawaru
 16756 | Lair:4   | Reached skill level 5 in Armour
 17485 | Lair:5   | Reached ****** piety under Okawaru
 17485 | Lair:5   | Received a gift from Okawaru
 17610 | Lair:5   | Identified the ring of Itein {Wiz Contam *Corrode rElec
                  | Int+3 SInv}
 17803 | Lair:5   | Received a gift from Okawaru
 18337 | Orc:1    | Entered Level 1 of the Orcish Mines
 18348 | Orc:1    | Reached XP level 15. HP: 142/143 MP: 20/20
 18441 | D:10     | Reached skill level 10 in Armour
 18783 | Orc:2    | Entered Level 2 of the Orcish Mines
 18937 | Orc:2    | Found Giemnyc's Armour Boutique.
 18994 | Orc:2    | Noticed Sonja
 19000 | Orc:2    | Found a staircase to the Elven Halls.
 19006 | Orc:2    | Killed Sonja
 19421 | Orc:2    | Found a radiant altar of Vehumet.
 19436 | Orc:2    | Found Cumu's Distillery.
 19460 | Orc:2    | Reached skill level 10 in Fighting
 19490 | Orc:2    | Found an ancient bone altar of Kikubaaqudgha.
 19532 | Orc:2    | Bought a potion of heal wounds for 65 gold pieces
 19532 | Orc:2    | Bought a potion of haste for 130 gold pieces
 19532 | Orc:2    | Bought a potion of curing for 39 gold pieces
 19532 | Orc:2    | Bought a potion of mutation for 104 gold pieces
 19556 | Orc:2    | Found Plog's Book Boutique.
 19556 | Orc:2    | Found Zexoa's Distillery.
 19565 | Orc:2    | Identified the +0 robe of the Arcadian God {Str+4} (Okawaru
                  | gifted it to you on level 2 of the Orcish Mines)
 19565 | Orc:2    | Received a gift from Okawaru
 19572 | Orc:2    | Found Uwotaot's Antique Armour Shop.
 19613 | Orc:2    | Bought a book of the Earth for 468 gold pieces
 19681 | Orc:2    | Learned a level 6 spell: Statue Form
 20153 | D:14     | Reached skill level 5 in Earth Magic
 20927 | D:14     | Found a gate to the Vaults.
 20983 | D:15     | Entered Level 15 of the Dungeon
 21040 | D:15     | Found a snail-covered altar of Cheibriados.
 21321 | Orc:2    | Bought glowing gold dragon scales for 2158 gold pieces
 21566 | Snake:1  | Entered Level 1 of the Snake Pit
 21805 | Snake:1  | Received a gift from Okawaru
 21896 | Snake:1  | Noticed Naariw's ghost (adept MeEE)
 21903 | Snake:1  | Found a runed translucent gate.
 21903 | Snake:1  | Found a runed translucent gate.
 21904 | Snake:1  | Found a runed translucent gate.
 22188 | Snake:1  | Found the +3 crown of Dyrovepreva {rElec Int+2 SInv}
 22616 | Snake:1  | Reached skill level 1 in Transmutations
 22697 | Snake:1  | Identified the amulet "Rudomm" {Reflect Str+2 SH+5}
 22815 | Snake:2  | Received a gift from Okawaru
 22816 | Snake:2  | Reached XP level 16. HP: 156/158 MP: 21/21
 23170 | Snake:2  | Received a gift from Okawaru
 23206 | Snake:2  | Found Acavynk's Jewellery Boutique.
 23235 | Snake:2  | Found Zypladghi's Book Shoppe.
 23237 | Snake:2  | Found Etana's Jewellery Boutique.
 23549 | Snake:2  | Reached skill level 5 in Transmutations
 23761 | Snake:2  | Received a gift from Okawaru
 23961 | Snake:2  | Identified the +2 short sword "Silasep" {freeze, Int+3
                  | Dex+4}
 24861 | Snake:3  | Found Jingorur's Magic Scroll Boutique.
 25291 | Snake:4  | Entered Level 4 of the Snake Pit
 25343 | Snake:4  | Received a gift from Okawaru
 25692 | Snake:4  | Found Hikhlauv's Self-Improvement Boutique.
 26127 | Snake:4  | Got the Enchiridion on Vexatious Scree
 26352 | Snake:4  | Reached XP level 17. HP: 136/166 MP: 6/23
 26409 | Snake:4  | Reached skill level 5 in Spellcasting
 26474 | Snake:4  | Received a gift from Okawaru
 26619 | Snake:4  | HP: 4/166 [nagaraja/+0 halberd (13)]
 27210 | Snake:4  | Reached skill level 10 in Earth Magic
 27315 | Snake:4  | Received a gift from Okawaru
 27427 | Snake:4  | Got a serpentine rune of Zot
 27795 | Swamp:1  | Entered Level 1 of the Swamp
 28240 | Swamp:1  | Noticed Frances
 28250 | Swamp:1  | Killed Frances
 28301 | Swamp:1  | Found a stormy altar of Qazlal.
 28574 | Swamp:2  | Received a gift from Okawaru
 28997 | Swamp:2  | Identified the +1 hand crossbow of the Madman {antimagic,
                  | Int+3} (Okawaru gifted it to you on level 2 of the Swamp)
 28997 | Swamp:2  | Received a gift from Okawaru
 29305 | Swamp:3  | Noticed a tentacled monstrosity
 29319 | Swamp:3  | Killed a tentacled monstrosity
 29320 | Swamp:3  | Reached skill level 10 in Transmutations
 29338 | Swamp:3  | HP: 1/215 [tyrant leech[a spriggan druid] (30)]
 29339 | Swamp:3  | Mangled by a tyrant leech

Illustrated notes

Levels and vault maps discovered:
D:1:      sevenhm_arrival_forest_fort_large_3, layout_rooms, serial_curves,
          eino_curves_02, eino_curves_04, hellmonk_ecumenical_altar_lost_god
D:2:      layout_basic, grunt_ministairs_2, uniq_terence
D:3:      layout_basic, general_overflow_altar, nicolae_ashenzari_panopticon,
          minmay_fractal_squares_diagonal_5, uniq_sigmund
D:4:      layout_basic, nicolae_ru_the_path_less_chosen, portal_sewer_entry_a
D:5:      layout_basic
D:6:      layout_cave_pods, xom_confusion_cloud, grunt_ministairs_11,
          minivault_26, uniq_duvessa
D:7:      layout_basic, nicolae_overflow_crystal_walls,
          mainiacjoe_overflow_paths, minmay_temple_entry_butterflies
D:8:      layout_basic, palyth_temple_overflow_mages, kennysheep_island_fort,
          uniq_amaemon
D:9:      layout_cross, mainiacjoe_overflow_cross_hatched,
          nicolae_qazlal_scattered_showers, grunt_lair_entry_orc_guard_hut,
          gammafunk_ghost_hydra_chop, minivault_15, minmay_unpleasant_kobolds
D:10:     layout_gridville, nicolae_hepliaklqana_monster_ancestors, orc_0_dummy,
          enter_bailey_3
D:11:     layout_gridville, nicolae_hexahallways,
          minmay_guarded_unrand_resistance
D:12:     layout_small_grid
D:13:     layout_roguey
D:14:     layout_irregular_city, david_vaults_4, infiniplex_staircase_pool
D:15:     gammafunk_enter_depths_forms, layout_rooms, minivault_23,
          nicolae_trove_entry_isolated, slow_altar_1
Temple:   hellmonk_temple_rainy
Lair:1:   layout_regular_city, basic_altar, uniq_urug
Lair:2:   layout_hall_layers, minmay_swamp_entry_worms
Lair:3:   layout_big_grid, guppyfry_snake_entry_island, beast_lair_carwin_1
Lair:4:   layout_regular_city, slime_entry_1, beast_lair_carwin_9
Lair:5:   hangedman_lair_in_review, layout_cave_shapes
Swamp:1:  layout_basic_swamp, lemuel_altar_in_water, uniq_frances
Swamp:2:  layout_basic_swamp, hangedman_swamp_ruin_hall, swamp_pool1,
          cheibrodos_swamp_pet_leeches
Swamp:3:  layout_falls_marsh, evilmike_swamp_ruin_house_2
Snake:1:  layout_gridlike, gammafunk_ghost_split
Snake:2:  kennysheep_snake, layout_rooms, minmay_shop_grove
Snake:3:  layout_rooms, serial_shops, nicolae_shop_hallway_stairs
Snake:4:  johnstein_snake_rune_scales, layout_cave_town, nicolae_shop_self_help
Orc:1:    layout_caves
Orc:2:    kennysheep_orc_mage_school, layout_diamond_mine, serial_shops,
          nicolae_diamond_shop, uniq_sonja

Skill      XL: |  1  2  3  4  5  6  7  8  9 10 11 12 13 14 15 16 17 |
---------------+----------------------------------------------------+-----
Unarmed Combat | 1 2 3 5 7 11 12 14 15 | 15.5
Fighting       | 1 4 7 9 10 | 10.3
Shields        | 3 7 11 | 11.0
Invocations    | 8 |  8.0
Throwing       | 4 5 |  5.1
Armour         | 1 9 10 | 10.0
Earth Magic    | 9 11 | 11.6
Transmutations | 2 8 10 | 10.0
Spellcasting   | 4 5 |  5.0
Dodging        | |  1.5
Stealth        | |  1.0

Action                     |  1- 3 |  4- 6 |  7- 9 | 10-12 | 13-15 | 16-18 || total
---------------------------+-------+-------+-------+-------+-------+-------++-------
  Melee: Unarmed           |   100 |   181 |   325 |   770 |  1378 |  1050 ||  3804
         Punch             |     1 |     2 |     8 |       |       |       ||    11
  Throw: Large rock        |     1 |     4 |     1 |    19 |    22 |    12 ||    59
   Cast: Sandblast         |     1 |       |       |       |       |       ||     1
         Statue Form       |       |       |       |       |       |    23 ||    23
 Invoke: Heroism           |       |       |       |     4 |     7 |     7 ||    18
         Finesse           |       |       |       |     3 |     5 |     2 ||    10
    Use: Scroll            |       |     6 |     6 |    10 |     6 |     9 ||    37
         Potion            |       |       |     4 |     5 |       |     8 ||    17
   Stab: Sleeping          |     1 |     3 |     1 |     9 |     7 |       ||    21
         Distracted        |       |       |       |     1 |       |       ||     1
         Confused          |       |       |       |       |       |     1 ||     1
 Armour: Robe              |    72 |    44 |   156 |   303 |    61 |       ||   636
         Fire dragon scale |       |       |       |       |   407 |       ||   407
         Skin              |       |       |       |       |     4 |   230 ||   234
         Troll leather arm |       |       |       |       |   187 |    24 ||   211
         Gold dragon scale |       |       |       |       |   168 |   446 ||   614
  Dodge: Dodged            |    61 |    90 |   223 |   353 |   355 |   162 ||  1244
  Block: Kite shield       |       |       |     9 |   454 |   880 |  1166 ||  2509
         Reflection        |       |       |       |       |     3 |   114 ||   117

Table legend: (Time is in decaauts)
 A = Elapsed time spent in this place.
 B = Non-inter-level travel time spent in this place.
 C = Inter-level travel time spent in this place.
 D = Time resting spent in this place.
 E = Time spent auto-exploring this place.
 F = Levels seen in this place.
 G = Mean time per level.
                   A        B        C        D        E       F      G
               +--------+--------+--------+--------+--------+-----+--------+
         Total |  29236 |  26662 |   2574 |   2004 |  15914 |  32 |  913.6 |
       Dungeon |  12729 |  11295 |   1434 |    638 |   7489 |  15 |  848.6 |
        Temple |     29 |     20 |      9 |      0 |      0 |   1 |   29.0 |
          Lair |   6599 |   6046 |    553 |    456 |   3346 |   5 | 1319.8 |
         Swamp |   1883 |   1844 |     39 |    118 |   1203 |   3 |  627.7 |
     Snake Pit |   5893 |   5604 |    289 |    740 |   2850 |   4 | 1473.2 |
  Orcish Mines |   1470 |   1221 |    249 |     11 |    754 |   2 |  735.0 |
         Sewer |    325 |    325 |      0 |      0 |    176 |   1 |  325.0 |
        Bailey |    305 |    305 |      0 |     40 |     95 |   1 |  305.0 |
               +--------+--------+--------+--------+--------+-----+--------+

Top non-repeatable levels by time:
 Snake:4: 1992 daAuts
  Lair:4: 1795 daAuts
 Snake:2: 1528 daAuts
    D:11: 1461 daAuts
  Lair:1: 1394 daAuts
  Lair:5: 1255 daAuts
 Snake:1: 1221 daAuts
 Snake:3: 1150 daAuts
  Lair:2: 1109 daAuts
   Orc:2: 1089 daAuts
     D:8: 1080 daAuts
  Lair:3: 1044 daAuts
     D:6: 1036 daAuts
     D:7: 1011 daAuts
    D:14: 999 daAuts
